 Dungeon Crawl Stone Soup version 0.29.1-2-gbd0b4ee654 (webtiles) character file.

Game seed: 3918290648900634163

5093 Icepheonix32 the Transmogrifier (level 10, -6/77 HPs)
             Began as a Demigod Transmuter on Nov 7, 2022.
             Mangled by a sixfirhy (9 damage)
             ... on level 9 of the Dungeon.
             The game lasted 00:24:57 (9345 turns).

Icepheonix32 the Transmogrifier (DgTm)              Turns: 9345, Time: 00:24:57

Health: -6/77      AC:  5    Str: 15    XL:     10   Next: 10%
Magic:  27/30      EV: 14    Int: 19    God:
Gold:   1605       SH:  0    Dex: 18    Spells: 1/19 levels left

rFire   . . .      SeeInvis .     - Unarmed
rCold   . . .      Faith    .   (shield currently unavailable)
rNeg    . . .      Spirit   .   B - +2 robe {Will+}
rPois   +          Reflect  .   h - +0 helmet
rElec   .          Harm     .   (no cloak)
rCorr   .          Rampage  .   (gloves currently unavailable)
Will    ++...                   (no boots)
Stlth   ++........              t - amulet of regeneration
HPRegen 1.02/turn               v - ring of magical power
MPRegen 0.22/turn               (no ring)

@: blade hands (expiring), hasted, studying Shields, very quick
A: high MP 1, forlorn, divine attributes, poison resistance
a: End Transformation


You were on level 9 of the Dungeon.
You had blades for hands.
You visited 1 branch of the dungeon, and saw 9 of its levels.

You collected 1800 gold pieces.
You spent 195 gold pieces at shops.

Inventory:

Missiles
 e - 7 boomerangs
 g - 4 curare-tipped darts
 k - 2 javelins
 y - 2 boomerangs of dispersal
Armour
 h - a +0 helmet (worn)
 l - a +1 leather armour of cold resistance
 s - a +1 scale mail of fire resistance
 w - a +2 pair of gloves (melded)
 B - a +2 robe of willpower (worn)
 D - a +1 ring mail of fire resistance
Jewellery
 a - an amulet of reflection
 t - an amulet of regeneration (around neck)
 v - a ring of magical power (left blade hand)
Wands
 j - a wand of flame (44)
 m - a wand of paralysis (7)
Scrolls
 f - 2 scrolls of magic mapping
 o - a scroll of summoning
 q - a scroll of brand weapon
 u - 5 scrolls of amnesia
 A - 2 scrolls of enchant weapon
 E - a scroll of silence
Potions
 b - a potion of mutation
 c - 2 potions of haste
 n - a potion of brilliance
 p - 2 potions of flight
 r - 2 potions of attraction
 x - 3 potions of curing
 z - a potion of cancellation
 C - a potion of might
 F - a potion of magic {unknown}


   Skills:
 - Level 3.3 Fighting
 + Level 2.8 Armour
 + Level 4.4 Dodging
 - Level 5.0 Unarmed Combat
 - Level 5.2 Spellcasting
 + Level 2.9 Hexes
 * Level 8.7 Transmutations
 + Level 3.8 Ice Magic
 + Level 3.0 Poison Magic


You had one spell level left.
You knew the following spells:

 Your Spells              Type           Power      Damage    Failure   Level
a - Beastly Appendage     Tmut           76%        N/A       11%         1
b - Spider Form           Tmut/Pois      27%        N/A       26%         3
c - Wereblood             Tmut           38%        N/A       12%         2
d - Ice Form              Ice/Tmut       28%        N/A       43%         4
e - Slow                  Hex            64%        N/A       28%         1
f - Ensorcelled Hibernat  Hex/Ice        34%        N/A       32%         2
g - Blade Hands           Tmut           19%        N/A       45%         5

Your spell library contained the following spells:

 Spells                   Type           Power      Damage    Failure   Level
 Magic Dart               Conj           16%        1d3       50%         1
 Confusing Touch          Hex            16%        N/A       47%         3
 Call Imp                 Summ           4%         N/A       61%         2
 Sublimation of Blood     Necr           4%         N/A       61%         2
 Dazzling Flash           Conj/Hex       20%        N/A       63%         3
 Mephitic Cloud           Conj/Pois/Air  8%         N/A       67%         3
 Vampiric Draining        Necr           4%         2d6       78%         3
 Irradiate                Conj/Tmut      10%        3d15      87%         5
 Anguish                  Hex/Necr       5%         N/A       89%         4
 Silence                  Hex/Air        5%         N/A       99%         5
 Agony                    Necr           4%         N/A       100%        5
 Fireball                 Conj/Fire      2%         3d4       100%        5
 Iskenderun's Battlesphe  Conj           4%         2d6       100%        5
 Conjure Ball Lightning   Conj/Air       2%         3x3d6     100%        6
 Dragon Form              Tmut           19%        N/A       100%        7
 Orb of Destruction       Conj           2%         9d5       100%        7
 Summon Hydra             Summ           2%         N/A       100%        7


Dungeon Overview and Level Annotations

Branches:
Dungeon (9/15)             Temple (0/1) D:6            Lair (0/5) D:9
    Orc (0/2) D:9

Shops:
D:5 !

Annotations:
D:4 2 transporters, hilljack's ghost, novice GrEE
D:7 3 runed translucent doors, Arctor's ghost, novice MiFi


Innate Abilities, Weirdness & Mutations

You have blades for hands.
Your spellcasting is less reliable in this form.
You are incapable of wielding weapons or throwing items.
You have an increased reservoir of magic. (+10% MP)
You shall have no god before yourself.
Your divine heritage dramatically boosts your attributes as you level up.
Your system is resistant to poisons. (rPois)


Message History

There is an open door here.
Found a stone staircase leading down.
There is an open door here.
There is an open door here.
A sixfirhy comes into view.
Your hands turn into razor-sharp scythe blades.
Your +2 pair of gloves melds into your body.
The sixfirhy completely misses you.
The sixfirhy hits you but does no damage.
You miss the sixfirhy. You closely miss the sixfirhy.
Your transformation is almost over.
You closely miss the sixfirhy. The sixfirhy hits you! The sixfirhy shocks you!
The sixfirhy barely misses you.
You barely miss the sixfirhy. The sixfirhy misses you.
The sixfirhy closely misses you. The sixfirhy barely misses you.
The sixfirhy hits you but does no damage.
You completely miss the sixfirhy. The sixfirhy hits you!
The sixfirhy shocks you! The sixfirhy hits you! The sixfirhy shocks you!
A chaos spawn comes into view.
You hit the sixfirhy.
The sixfirhy is lightly wounded.
You feel yourself speed up.
You barely miss the sixfirhy.
The sixfirhy is lightly wounded.
The sixfirhy hits you but does no damage.
The sixfirhy misses you.
You slash the sixfirhy!
The sixfirhy is lightly wounded.
The sixfirhy closely misses you. The sixfirhy misses you.
You barely miss the sixfirhy.
The sixfirhy is lightly wounded.
The sixfirhy hits you!
* * * LOW HITPOINT WARNING * * *
The sixfirhy shocks you!
* * * LOW HITPOINT WARNING * * *
The sixfirhy hits you.
* * * LOW HITPOINT WARNING * * *
The sixfirhy shocks you!
You die...

#..# #3# # ##'####
#.# #...#.# #4#
#.#.#.# ... #.#...#
..... #.###.# ...?..#
#....># #......#
#.##### #####......4
#...#.###.@3'.4......
###.#.##..###.....
#...#..## #..
###.'.## #.....###
#######


You could see a sixfirhy and a chaos spawn.

Vanquished Creatures
  2 ice devils (D:9)
  A shadow (D:6)
  6 yaks (D:9)
  2 water moccasins
  3 ice beasts
  A swamp drake (D:9)
  2 orc warriors
  3 sky beasts
  2 ogres
  3 centaurs
  A phantom (D:6)
  A kobold brigand (D:8)
  A bullfrog (D:8)
  4 scorpions
  A gnoll sergeant (D:8)
  3 necrophages
  11 killer bees
  A howler monkey (D:7)
  2 quasits (D:9)
  6 orc priests
  5 hounds
  4 iguanas
  Terence (D:3)
  2 orc wizards (D:9)
  13 gnolls
  7 adders
  2 shadow imps (D:6)
  A white imp (D:7)
  An ufetubus (D:5)
  2 dart slugs
  33 orcs
  11 ball pythons
  10 bats
  5 endoplasms
  4 giant cockroaches
  6 goblins
  6 hobgoblins
  7 jackals
  2 frilled lizards (D:3)
  14 kobolds
  8 rats
200 creatures vanquished.

Vanquished Creatures (others)
  8 demonic plants (D:9)
  3 fungi (D:6)
  4 plants (D:6)
15 creatures vanquished.

Grand Total: 215 creatures vanquished

Notes
Turn   | Place    | Note
-------+----------+-------------------------------------------
     0 | D:1      | Icepheonix32 the Demigod Transmuter began the quest for the
                  | Orb.
     0 | D:1      | Reached XP level 1. HP: 15/15 MP: 5/5
   282 | D:1      | Reached XP level 2. HP: 22/22 MP: 4/7
   319 | D:1      | Reached skill level 2 in Transmutations
  1427 | D:2      | Reached XP level 3. HP: 23/27 MP: 6/8
  1431 | D:2      | Learned a level 3 spell: Spider Form
  1434 | D:2      | Learned a level 2 spell: Wereblood
  2162 | D:3      | Noticed Terence
  2172 | D:3      | Killed Terence
  2173 | D:3      | Reached skill level 1 in Fighting
  2603 | D:2      | Reached skill level 1 in Poison Magic
  2603 | D:2      | Reached XP level 4. HP: 21/35 MP: 8/10
  3770 | D:3      | Reached XP level 5. HP: 39/40 MP: 10/12
  3929 | D:4      | Found a transporter.
  3932 | D:4      | Noticed hilljack's ghost (novice GrEE)
  3933 | D:4      | Noticed an ogre
  4039 | D:4      | Reached skill level 3 in Transmutations
  4054 | D:4      | Found a transporter.
  4080 | D:4      | Reached skill level 1 in Armour
  4397 | D:4      | Reached XP level 6. HP: 41/47 MP: 11/13
  4648 | D:5      | Entered Level 5 of the Dungeon
  4674 | D:5      | Learned a level 4 spell: Ice Form
  4676 | D:5      | Learned a level 1 spell: Slow
  5015 | D:5      | Reached skill level 4 in Transmutations
  5055 | D:5      | Found Uteibbum's Distillery.
  5058 | D:5      | Bought a potion of curing for 39 gold pieces
  5058 | D:5      | Bought a potion of curing for 39 gold pieces
  5058 | D:5      | Bought a potion of heal wounds for 65 gold pieces
  5058 | D:5      | Bought a potion of might for 52 gold pieces
  5120 | D:5      | Reached skill level 1 in Hexes
  5316 | D:5      | Reached XP level 7. HP: 52/52 MP: 13/15
  5357 | D:5      | Reached skill level 1 in Ice Magic
  5491 | D:6      | Found a staircase to the Ecumenical Temple.
  5646 | D:6      | Found the +7 Singing Sword {vorpal, sonic wave}
  5657 | D:6      | Learned a level 2 spell: Ensorcelled Hibernation
  5837 | D:6      | Reached skill level 5 in Transmutations
  5927 | D:6      | Noticed a shadow
  6125 | D:7      | Reached XP level 8. HP: 26/61 MP: 17/17
  6414 | D:7      | Found a runed translucent gate.
  6414 | D:7      | Found a runed translucent gate.
  6414 | D:7      | Found a runed translucent gate.
  6415 | D:7      | Noticed Arctor's ghost (novice MiFi)
  6744 | D:7      | Reached skill level 6 in Transmutations
  7023 | D:7      | Identified 2 scrolls of acquirement
  7023 | D:7      | Acquired a book of Transfigurations
  7070 | D:7      | Acquired 1215 gold pieces
  7403 | D:6      | Reached skill level 5 in Spellcasting
  7729 | D:6      | Gained mutation: Your system is resistant to poisons.
                  | (rPois) [potion of mutation]
  8192 | D:8      | Reached XP level 9. HP: 68/68 MP: 14/20
  8305 | D:7      | Learned a level 5 spell: Blade Hands
  8340 | D:8      | Reached skill level 7 in Transmutations
  8845 | D:9      | Found a staircase to the Lair.
  8853 | D:9      | Noticed an ice devil
  8858 | D:9      | Noticed an ice devil
  8882 | D:9      | Killed an ice devil
  8887 | D:9      | Killed an ice devil
  8888 | D:9      | Reached skill level 5 in Unarmed Combat
  8935 | D:9      | Noticed a rust devil
  8935 | D:9      | Noticed a sixfirhy
  9094 | D:9      | Reached skill level 8 in Transmutations
  9098 | D:9      | Found a staircase to the Orcish Mines.
  9253 | D:9      | Reached XP level 10. HP: 77/77 MP: 21/21
  9334 | D:9      | Noticed a sixfirhy
  9345 | D:9      | HP: 3/77 [sixfirhy (6)]
  9345 | D:9      | Mangled by a sixfirhy

Illustrated notes

Levels and vault maps discovered:
D:1:      dpeg_arrival_rooms_with_view, layout_basic,
          hellmonk_ecumenical_altar_inner_sanctum, amethyst_killhole,
          minmay_tall_x
D:2:      layout_basic, basic_altar
D:3:      layout_loops_cross, mainiacjoe_overflow_paths,
          mainiacjoe_overflow_alcove_4, minivault_11,
          nicolae_kite_square_tiling_tiny, hangedman_decor_diamond_cutter,
          nicolae_underground_beach, uniq_terence
D:4:      layout_rooms, gammafunk_ghost_arena, minmay_fractal_squares_diagonal_5
D:5:      layout_loops_ring, mainiacjoe_overflow_cross_hatched, serial_shops,
          nicolae_shop_behind_doors, minivault_24
D:6:      old_forge, layout_gridville, fedhas_bush_and_centaur_altar,
          minmay_temple_entry_gardened_gates, serial_bayou_pond_a
D:7:      layout_gridville, gammafunk_ghost_necromancy
D:8:      layout_rooms, minmay_manual_mares
D:9:      layout_roguey, erik_orc_1, serial_demonic, serial_demonic_g,
          serial_demonic_c, serial_demonic_d, serial_demonic_a

Skill      XL: |  1  2  3  4  5  6  7  8  9 |
---------------+----------------------------+-----
Unarmed Combat | 3 5 |  5.0
Transmutations | 2 3 4 5 6 8 |  8.7
Dodging        | 2 4 |  4.4
Spellcasting   | 2 3 4 5 |  5.2
Fighting       | 1 2 3 |  3.3
Poison Magic   | 1 2 3 |  3.0
Armour         | 1 2 |  2.8
Hexes          | 1 2 |  2.9
Ice Magic      | 2 3 |  3.8

Action                   |  1- 3 |  4- 6 |  7- 9 | 10-12 || total
-------------------------+-------+-------+-------+-------++-------
Melee: Unarmed           |   109 |   179 |   364 |    24 ||   676
       Kick              |    15 |    36 |    48 |       ||    99
       Headbutt          |     6 |    24 |    26 |       ||    56
       Punch             |     3 |     1 |     8 |     1 ||    13
Throw: Boomerang         |       |       |     1 |       ||     1
 Cast: Beastly Appendage |    27 |    28 |    22 |       ||    77
       Wereblood         |       |     4 |    11 |       ||    15
       Spider Form       |       |     2 |     7 |       ||     9
       Slow              |       |     1 |     2 |       ||     3
       Ice Form          |       |       |     7 |       ||     7
       Blade Hands       |       |       |     5 |     1 ||     6
Evoke: Wand              |       |       |     1 |       ||     1
  Use: Potion            |     1 |     1 |     6 |     1 ||     9
       Scroll            |       |     2 |    20 |       ||    22
 Stab: Sleeping          |       |     1 |     3 |       ||     4
       Held in net/web   |       |       |     1 |       ||     1
Armor: Robe              |    11 |       |    34 |    11 ||    56
       Skin              |     4 |       |    34 |       ||    38
       Leather armour    |     1 |    37 |    21 |       ||    59
Dodge: Dodged            |    80 |   119 |   209 |    17 ||   425
